 Dungeon Crawl Stone Soup version 0.32-a0-913-g739538afd8 (webtiles) character file.

Game seed: 2571408736533402475

447 pokeman the Magician (level 6, -3/34 HPs)
             Began as a Deep Elf Hedge Wizard on Apr 7, 2024.
             Slain by a hornet (10 damage)
             ... on level 4 of the Dungeon.
             The game lasted 00:07:34 (4713 turns).

pokeman the Magician (Deep Elf Hedge Wizard)        Turns: 4713, Time: 00:07:35

Health: -3/34      AC:  4    Str:  7    XL:     6   Next: 73%
Magic:  23/27      EV: 12    Int: 21    God:
Gold:   149        SH:  0    Dex: 14    Spells: 11/19 levels left

rFire   . . .        a - +0 dagger
rCold   . . .        (no shield)
rNeg    . . .        b - +0 robe
rPois   .            h - +0 helmet
rElec   .            v - +0 cloak
rCorr   .            (no gloves)
SInv    .            (no boots)
Will    .....        (no amulet)
Stlth   ++           l - ring of magical power
HPRegen 0.25/turn    t - ring of wizardry
MPRegen 0.20/turn

%: wizardry (x1)
@: lethally poisoned (-3 -> -7), slowed, very slow
A: no striking features
a: no special abilities


You were on level 4 of the Dungeon.
You visited 1 branch of the dungeon, and saw 4 of its levels.

You collected 149 gold pieces.

Inventory:

Hand Weapons
 a - a +0 dagger (weapon)
Armour
 b - a +0 robe (worn)
 h - a +0 helmet (worn)
 r - a +0 buckler
 s - a scarf of invisibility
 v - a +0 cloak (worn)
Jewellery
 l - a ring of magical power (left hand)
 t - a ring of wizardry (right hand)
 w - a ring of protection from fire
Wands
 m - a wand of paralysis (18)
Scrolls
 f - 3 scrolls of teleportation {unknown}
 i - a scroll of amnesia {unknown}
 n - a scroll of immolation {unknown}
 p - a scroll of noise {unknown}
 q - a scroll of enchant weapon {unknown}
 u - a scroll of blinking {unknown}
Potions
 c - a potion of mutation {unknown}
 d - a potion of magic
 e - 3 potions of heal wounds {unknown}
 g - a potion of curing {unknown}
 j - a potion of brilliance {unknown}
 k - a potion of resistance {unknown}
 o - 2 potions of lignification {unknown}


   Skills:
 - Level 1.0 Fighting
 - Level 1.0 Armour
 - Level 3.0 Dodging
 - Level 3.0 Stealth
 * Level 7.2 Spellcasting
 + Level 3.3 Conjurations
 - Level 1.1 Summonings
 - Level 1.1 Translocations
 + Level 2.0 Air Magic
 + Level 2.0 Alchemy
 - Level 1.0 Evocations


You had 11 spell levels left.
You knew the following spells:

 Your Spells              Type           Power      Damage    Failure   Level
a - Magic Dart            Conj           84%        1d7       1%          1
b - Mephitic Cloud        Conj/Alch/Air  18%        N/A       4%          3
c - Call Imp              Summ           24%        N/A       3%          2
d - Blink                 Tloc           24%        N/A       3%          2

Your spell library contained the following spells:

 Spells                   Type           Power      Damage    Failure   Level
 Slow                     Hex            28%        N/A       3%          1
 Cigotuvi's Dreadful Rot  Necr/Alch/Air  26%        N/A       3%          2
 Swiftness                Air            16%        N/A       4%          3
 Ensorcelled Hibernation  Hex/Ice        14%        N/A       5%          2
 Passwall                 Erth           7%         N/A       11%         3


Dungeon Overview and Level Annotations

Branches:
Dungeon (4/15)
 Temple: D:4-7

Altars:
Ashenzari
Elyvilon
Zin
The Shining One


Message History

Confirm with . or Enter, or press ? or * to list all spells.
A tiny devil pulls itself out of the air.
Unknown command.
You open the door.
Your cerulean imp barely misses the hornet.
You swap places.
The hornet closely misses your cerulean imp.
Your cerulean imp barely misses the hornet.
Your cerulean imp hits the hornet but does no damage.
Casting: Call Imp (safe; 3% risk of failure)
Confirm with . or Enter, or press ? or * to list all spells.
Aiming: Mephitic Cloud (dangerous; 4% risk of failure)
Press: ? - help, Shift-Dir - straight line, f/p - hornet
Aim: a hornet (heavily wounded, ally target, chance to affect: 72%)
The ball explodes into a vile cloud!
The stinking cloud engulfs the hornet.
The hornet is heavily wounded.
The stinking cloud engulfs you.
The stinking cloud engulfs your cerulean imp.
The hornet is engulfed in noxious fumes.
The hornet stings you!
You are poisoned.
You feel yourself slow down.
Your cerulean imp hits the hornet but does no damage.
Unknown command.
You closely miss the hornet.
The hornet is heavily wounded.
You feel very sick.
The hornet is engulfed in noxious fumes.
The hornet stings you!
* * * LOW HITPOINT WARNING * * *
You feel as though you will be slow longer.
The hornet is engulfed in noxious fumes.
The hornet appears confused.
Your cerulean imp hits the hornet but does no damage.
You feel sick.
The hornet is engulfed in noxious fumes. x2
The hornet appears confused.
Your cerulean imp hits the hornet from afar with a -3 spear.
The hornet stings you!
You die...

#######.# #.......# #.).#.#
##....#.# #.#.###########.#...#
##....#.###.#.###..#...)..###.#
......#....)..#} .$#......# #.#
......#..#....####'#......# #.#
......#..#....##§.5#......# #.#
.....##..#....##○☼§#....).# #.#
###..##..#....##.y§#......# #.#
.........#....##@#######)## #.#
.........#....#....#..)††#
.........#....#....#.....#
.........#....#....#.....#
##.......#..).#....'.....#
#.......#....######.....#
#.......#... #######
##..........# ..........####


You could see a hornet (confused, ally target) and a friendly cerulean imp
(summoned).

Vanquished Creatures
  2 scorpions (D:4)
  2 jellies (D:4)
  Natasha (D:4)
  2 orc wizards
  4 gnolls (D:3)
  5 adders
  A white imp (D:4)
  3 dart slugs (D:1)
  3 ribbon worms
  8 orcs
  3 endoplasms
  4 giant cockroaches (D:2)
  6 goblins
  5 hobgoblins
  A jackal (D:4)
  6 quokkas
  11 ball pythons
  5 bats
  3 frilled lizards
  10 kobolds
  2 rats
87 creatures vanquished.

Vanquished Creatures (collateral kills)
  An adder (D:2)
1 creature vanquished.

Grand Total: 88 creatures vanquished

Notes
Turn   | Place    | Note
-------+----------+-------------------------------------------
     0 | D:1      | pokeman the Deep Elf Hedge Wizard began the quest for the
                  | Orb.
     0 | D:1      | Reached XP level 1. HP: 10/10 MP: 7/7
   406 | D:1      | Reached XP level 2. HP: 10/16 MP: 5/9
   933 | D:1      | Reached skill level 5 in Spellcasting
  1308 | D:2      | Found a faded altar of an unknown god.
  1374 | D:2      | Reached XP level 3. HP: 20/20 MP: 8/11
  1386 | D:2      | Learned a level 3 spell: Mephitic Cloud
  1389 | D:2      | Learned a level 2 spell: Call Imp
  1392 | D:2      | Learned a level 2 spell: Blink
  1483 | D:2      | Reached skill level 1 in Fighting
  1483 | D:2      | Reached skill level 1 in Armour
  1789 | D:2      | Reached XP level 4. HP: 25/25 MP: 9/13
  3039 | D:3      | Reached XP level 5. HP: 29/29 MP: 15/15
  3051 | D:3      | Reached skill level 6 in Spellcasting
  3180 | D:3      | Found a broken altar of Ashenzari.
  3995 | D:4      | Found a glowing golden altar of the Shining One.
  3997 | D:4      | Found a white marble altar of Elyvilon.
  3999 | D:4      | Found a glowing silver altar of Zin.
  4167 | D:4      | Noticed Natasha
  4192 | D:4      | Killed Natasha
  4193 | D:4      | Reached skill level 1 in Evocations
  4354 | D:4      | Reached skill level 1 in Alchemy
  4362 | D:4      | Reached skill level 1 in Air Magic
  4369 | D:4      | Reached XP level 6. HP: 21/34 MP: 17/17
  4450 | D:4      | Noticed a hornet
  4471 | D:4      | Reached skill level 7 in Spellcasting
  4713 | D:4      | Slain by a hornet

Illustrated notes

Levels and vault maps discovered:
D:1:      nicolae_arrival_somewhat_less_tricky_arrival, layout_basic,
          serial_park_tiny_2, dk_noncrumbling_2, fountainhead
D:2:      layout_basic, shapermc_ecumenical_altar_pompeii,
          minmay_worlds_worst_comb
D:3:      layout_loops_ring, mainiacjoe_overflow_chevrons
D:4:      minmay_clustersquares, layout_basic, good_gods_mini_temple,
          uniq_natasha

Skill      XL: |  1  2  3  4  5  6 |
---------------+-------------------+-----
Spellcasting   | 5 6 7 |  7.2
Fighting       | 1 |  1.0
Armour         | 1 |  1.0
Conjurations   | 2 3 |  3.3
Stealth        | 3 |  3.0
Dodging        | 3 |  3.0
Evocations     | 1 |  1.0
Alchemy        | 1 2 |  2.0
Air Magic      | 1 2 |  2.0
Summonings     | |  1.1
Translocations | |  1.1

Action                     |  1- 3 |  4- 6 || total
---------------------------+-------+-------++-------
  Melee: Dagger            |    18 |    62 ||    80
   Cast: Magic Dart        |    76 |   113 ||   189
         Mephitic Cloud    |     2 |    10 ||    12
         Call Imp          |       |     5 ||     5
   Stab: Sleeping          |     1 |       ||     1
         Confused          |     2 |    11 ||    13
 Armour: Robe              |    13 |    47 ||    60
  Dodge: Dodged            |    25 |    45 ||    70

Table legend: (Time is in decaauts)
 A = Elapsed time spent in this place.
 B = Non-inter-level travel time spent in this place.
 C = Inter-level travel time spent in this place.
 D = Time resting spent in this place.
 E = Time spent auto-exploring this place.
 F = Levels seen in this place.
 G = Mean time per level.
                   A        B        C        D        E       F      G
               +--------+--------+--------+--------+--------+-----+--------+
         Total |   4714 |   4542 |    172 |     86 |   3887 |   4 | 1178.5 |
       Dungeon |   4714 |   4542 |    172 |     86 |   3887 |   4 | 1178.5 |
               +--------+--------+--------+--------+--------+-----+--------+

Top non-repeatable levels by time:
     D:3: 1263 daAuts
     D:1: 1242 daAuts
     D:2: 1201 daAuts
     D:4: 1007 daAuts
